TOP OF THE 1ST |
Biloxi Shuckers batting - Pitching for Tennessee Smokies : RHP Chris Perretta
|
Pitching: RHP Chris Perretta
|
|
Batting: RHB Hector Silva
|
0-0: Called Strike 0-1: Ball 1-1: Ground out 4-3 (Groundball, 4, EV 82.5 MPH)
|
Batting: RHB Herb McIntyre
|
0-0: Swinging Strike 0-1: Ball 1-1: Ball 2-1: Swinging Strike 2-2: Strikes out swinging
|
Batting: LHB Chad Persaud
|
0-0: Called Strike 0-1: Ball 1-1: Called Strike 1-2: Strikes out swinging
|
Top of the 1st over - 0 runs, 0 hits, 0 errors, 0 left on base; Biloxi 0 - Tennessee 0 |
BOTTOM OF THE 1ST |
Tennessee Smokies batting - Pitching for Biloxi Shuckers : RHP Mike Ellinwood
|
Pitching: RHP Mike Ellinwood
|
|
Batting: RHB Eric Wiss
|
0-0: Called Strike 0-1: Foul Ball, location: 2F 0-2: Ball 1-2: Ball 2-2: Ball 3-2: Base on Balls
|
Batting: LHB Kwang-chih Men
|
0-0: Ball 1-0: Ball Eric Wiss steals 2nd, throwing error, E2 Eric Wiss to third 2-0: Ball 3-0: Base on Balls
|
Batting: RHB Ricardo Aguinaga
|
0-0: Ball 1-0: Ball 2-0: Fielders Choice at 2nd, 1-4 (Groundball, 25, EV 74.4 MPH)
|
Batting: SHB Gabriel Cruz
|
0-0: SINGLE (Groundball, P, EV 92.5 MPH) (infield hit) Eric Wiss scores Ricardo Aguinaga to second
|
Batting: RHB Brad Santanello
|
0-0: Swinging Strike 0-1: Ball 1-1: Foul Ball, location: 2F 1-2: Ball 2-2: Fielders Choice at 2nd, 5-4 (Groundball, 5S, EV 83.8 MPH) Ricardo Aguinaga to third
|
Batting: LHB Emir Jalil
|
0-0: Called Strike 0-1: Ball 1-1: Foul Ball, location: 2F 1-2: Foul Ball, location: 2F 1-2: Ground out 4-3 (Groundball, 4D, EV 84.4 MPH)
|
Bottom of the 1st over - 1 run, 1 hit, 1 error, 2 left on base; Biloxi 0 - Tennessee 1 |
TOP OF THE 2ND |
Biloxi Shuckers batting - Pitching for Tennessee Smokies : RHP Chris Perretta
|
Batting: SHB Sam Bingham
|
0-0: Ball 1-0: Ball 2-0: Swinging Strike 2-1: Foul Ball, location: 2F 2-2: Strikes out looking
|
Batting: RHB Josh Nelson
|
0-0: Hit by Pitch
|
Batting: RHB Ben Taylor
|
0-0: Called Strike 0-1: Ball 1-1: Swinging Strike 1-2: Strikes out looking
|
Batting: SHB Robert Sayer
|
0-0: Ball 1-0: SINGLE (Groundball, 4MD, EV 104.4 MPH) Josh Nelson to second Runner from 2nd tries for 3rd, SAFE, throw by CF made to third
|
Batting: LHB Paul Collins
|
0-0: Called Strike 0-1: Foul Ball, location: 2F 0-2: Strikes out swinging
|
Top of the 2nd over - 0 runs, 1 hit, 0 errors, 2 left on base; Biloxi 0 - Tennessee 1 |
BOTTOM OF THE 2ND |
Tennessee Smokies batting - Pitching for Biloxi Shuckers : RHP Mike Ellinwood
|
Batting: LHB Wing-tat Tai
|
0-0: Ball 1-0: Called Strike 1-1: Foul Ball, location: 2F 1-2: Foul Ball, location: 2F 1-2: Ball 2-2: Strikes out swinging
|
Batting: RHB Denis Rachin
|
0-0: Ball 1-0: Called Strike 1-1: Ball 2-1: Ball 3-1: Base on Balls
|
Batting: LHB Adam Conover
|
0-0: Ball 1-0: DOUBLE (Line Drive, 78M, EV 97.5 MPH) Denis Rachin to third
|
Batting: RHB Eric Wiss
|
0-0: Ball 1-0: Called Strike 1-1: Ground out 5-3 (Groundball, 5L, EV 108.1 MPH) Denis Rachin scores
|
Batting: LHB Kwang-chih Men
|
0-0: Foul Ball, location: 2F 0-1: Ball 1-1: Fly out, F8 (Line Drive, 8RM, EV 98.1 MPH)
|
Bottom of the 2nd over - 1 run, 1 hit, 0 errors, 1 left on base; Biloxi 0 - Tennessee 2 |
TOP OF THE 3RD |
Biloxi Shuckers batting - Pitching for Tennessee Smokies : RHP Chris Perretta
|
Batting: RHB Juan Villanueva
|
0-0: Foul Ball, location: 2F 0-1: Foul Ball, location: 2F 0-2: Strikes out looking
|
Batting: RHB Hector Silva
|
0-0: Called Strike 0-1: Called Strike 0-2: Foul Ball, location: 2F 0-2: Fly out, F9 (Flyball, 89M, EV 88.8 MPH)
|
Batting: RHB Herb McIntyre
|
0-0: Ball 1-0: Swinging Strike 1-1: Foul Ball, location: 2F 1-2: Foul Ball, location: 2F 1-2: Ball 2-2: Foul Ball, location: 2F 2-2: Foul Ball, location: 2F 2-2: Strikes out swinging
|
Top of the 3rd over - 0 runs, 0 hits, 0 errors, 0 left on base; Biloxi 0 - Tennessee 2 |
BOTTOM OF THE 3RD |
Tennessee Smokies batting - Pitching for Biloxi Shuckers : RHP Mike Ellinwood
|
Batting: RHB Ricardo Aguinaga
|
0-0: Ball 1-0: Called Strike 1-1: Ball 2-1: Ball 3-1: SINGLE (Groundball, 4MD, EV 101.2 MPH)
|
Batting: SHB Gabriel Cruz
|
0-0: Called Strike 0-1: Ball 1-1: Foul Ball, location: 2F 1-2: Strikes out swinging
|
Batting: RHB Brad Santanello
|
0-0: Fielders Choice at 2nd, 5-4 (Groundball, 5, EV 90.0 MPH)
|
Batting: LHB Emir Jalil
|
0-0: Ball 1-0: Swinging Strike 1-1: Ball 2-1: Called Strike 2-2: Ball 3-2: Strikes out looking
|
Bottom of the 3rd over - 0 runs, 1 hit, 0 errors, 1 left on base; Biloxi 0 - Tennessee 2 |
TOP OF THE 4TH |
Biloxi Shuckers batting - Pitching for Tennessee Smokies : RHP Chris Perretta
|
Batting: LHB Chad Persaud
|
0-0: Called Strike 0-1: Swinging Strike 0-2: Ground out 4-3 (Groundball, 4, EV 111.9 MPH)
|
Batting: SHB Sam Bingham
|
0-0: Called Strike 0-1: Ball 1-1: Swinging Strike 1-2: Strikes out swinging
|
Batting: RHB Josh Nelson
|
0-0: Foul Ball, location: 2F 0-1: Called Strike 0-2: Strikes out looking
|
Top of the 4th over - 0 runs, 0 hits, 0 errors, 0 left on base; Biloxi 0 - Tennessee 2 |
BOTTOM OF THE 4TH |
Tennessee Smokies batting - Pitching for Biloxi Shuckers : RHP Mike Ellinwood
|
Batting: LHB Wing-tat Tai
|
0-0: Ball 1-0: Ground out 5-3 (Groundball, 5L, EV 100.6 MPH)
|
Batting: RHB Denis Rachin
|
0-0: Ball 1-0: SINGLE (Groundball, 34D, EV 98.1 MPH)
|
Batting: LHB Adam Conover
|
0-0: Ball 1-0: Foul Ball, location: 2F 1-1: Swinging Strike 1-2: Ball 2-2: Foul Ball, location: 2F 2-2: Ball 3-2: Base on Balls Denis Rachin to second
|
Batting: RHB Eric Wiss
|
0-0: Ball 1-0: Called Strike 1-1: Called Strike 1-2: Foul Ball, location: 2F 1-2: Foul Ball, location: 2F 1-2: SINGLE (Line Drive, 56, EV 95.6 MPH) Denis Rachin to third Adam Conover to second
|
Batting: LHB Kwang-chih Men
|
0-0: Ball 1-0: Ball 2-0: Ball 3-0: Base on Balls Denis Rachin scores Adam Conover to third Eric Wiss to second
|
Batting: RHB Ricardo Aguinaga
|
0-0: Called Strike 0-1: Ball 1-1: Swinging Strike 1-2: SINGLE (Groundball, 56, EV 101.9 MPH) Adam Conover scores Eric Wiss to third Kwang-chih Men to second Runner from 3rd tries for Home, SAFE, throw by LF to home
|
Pitching: RHP Chris Ishii
|
|
Batting: SHB Gabriel Cruz
|
0-0: Ball 1-0: Ball 2-0: Ball 3-0: Foul Ball, location: 2F 3-1: Called Strike 3-2: Fly out, F8 (Flyball, 8LXD, EV 108.1 MPH) Runner from 2nd tags up, SAFE at 3rd, no throw by CF
|
Batting: RHB Brad Santanello
|
0-0: Foul Ball, location: 2F 0-1: Ball 1-1: Ball 2-1: Foul Ball, location: 2F 2-2: Ball 3-2: DOUBLE (Line Drive, 8RXD, EV 106.9 MPH) Kwang-chih Men scores Ricardo Aguinaga to third Ricardo Aguinaga scores
|
Batting: LHB Emir Jalil
|
0-0: Ball 1-0: Fly out, F9 (Flyball, 9S, EV 86.9 MPH)
|
Bottom of the 4th over - 5 runs, 4 hits, 0 errors, 1 left on base; Biloxi 0 - Tennessee 7 |
TOP OF THE 5TH |
Biloxi Shuckers batting - Pitching for Tennessee Smokies : RHP Chris Perretta
|
Batting: RHB Ben Taylor
|
0-0: Called Strike 0-1: Called Strike 0-2: Ground out U3 (Groundball, 3, EV 80.6 MPH)
|
Batting: SHB Robert Sayer
|
0-0: Called Strike 0-1: Foul Ball, location: 2F 0-2: Ball 1-2: Foul Ball, location: 2F 1-2: Strikes out swinging
|
Batting: LHB Paul Collins
|
0-0: Called Strike 0-1: Ball 1-1: Ball 2-1: Ball 3-1: Foul Ball, location: 2F 3-2: Ground out 6-3 (Groundball, 6M, EV 82.5 MPH)
|
Top of the 5th over - 0 runs, 0 hits, 0 errors, 0 left on base; Biloxi 0 - Tennessee 7 |
BOTTOM OF THE 5TH |
Tennessee Smokies batting - Pitching for Biloxi Shuckers : RHP Chris Ishii
|
Batting: LHB Wing-tat Tai
|
0-0: Called Strike 0-1: Swinging Strike 0-2: Ball 1-2: Ground out 6-3 (Groundball, 6, EV 88.8 MPH)
|
Batting: RHB Denis Rachin
|
0-0: Ground out 6-3 (Groundball, 6, EV 92.5 MPH)
|
Batting: LHB Adam Conover
|
0-0: Called Strike 0-1: DOUBLE (Flyball, 8LXD, EV 99.4 MPH)
|
Batting: RHB Eric Wiss
|
0-0: Ball 1-0: Ball 2-0: Ball 3-0: Base on Balls
|
Batting: LHB Kwang-chih Men
|
0-0: Called Strike 0-1: Ball 1-1: Ball 2-1: Foul Ball, location: 2F 2-2: Foul Ball, location: 2F 2-2: Fly out, F8 (Flyball, 78M, EV 78.8 MPH)
|
Bottom of the 5th over - 0 runs, 1 hit, 0 errors, 2 left on base; Biloxi 0 - Tennessee 7 |
TOP OF THE 6TH |
Biloxi Shuckers batting - Pitching for Tennessee Smokies : RHP Chris Perretta
|
Batting: RHB Juan Villanueva
|
0-0: Ball 1-0: Reached on error, E6 (Groundball, 6, EV 88.1 MPH)
|
Batting: RHB Hector Silva
|
0-0: Called Strike 0-1: Called Strike 0-2: Ball 1-2: Ball 2-2: Ball 3-2: Base on Balls Juan Villanueva to second
|
Batting: RHB Herb McIntyre
|
0-0: Called Strike 0-1: Ball 1-1: Fly out, F8 (Flyball, 8LD, EV 95.0 MPH)
|
Batting: LHB Chad Persaud
|
0-0: Fly out, F9 (Flyball, 89S, EV 82.5 MPH)
|
Batting: SHB Sam Bingham
|
0-0: Ball 1-0: Called Strike 1-1: Fielders Choice at 2nd, 5-4 (Groundball, 56, EV 78.8 MPH)
|
Top of the 6th over - 0 runs, 0 hits, 1 error, 2 left on base; Biloxi 0 - Tennessee 7 |
BOTTOM OF THE 6TH |
Tennessee Smokies batting - Pitching for Biloxi Shuckers : RHP Chris Ishii
|
Batting: RHB Ricardo Aguinaga
|
0-0: Swinging Strike 0-1: Ball 1-1: Ground out 4-3 (Groundball, 4, EV 99.4 MPH)
|
Batting: SHB Gabriel Cruz
|
0-0: Called Strike 0-1: Foul Ball, location: 2F 0-2: SINGLE (Groundball, 3, EV 96.9 MPH)
|
Batting: RHB Brad Santanello
|
0-0: Ball 1-0: Called Strike 1-1: Foul Ball, location: 2F 1-2: Ball 2-2: Strikes out swinging
|
Batting: LHB Emir Jalil
|
0-0: Ball 1-0: Foul Ball, location: 2F 1-1: Ball 2-1: Fly out, F7 (Flyball, 78S, EV 90.0 MPH)
|
Bottom of the 6th over - 0 runs, 1 hit, 0 errors, 1 left on base; Biloxi 0 - Tennessee 7 |
TOP OF THE 7TH |
Biloxi Shuckers batting - Pitching for Tennessee Smokies : RHP Chris Perretta
|
Batting: RHB Josh Nelson
|
0-0: Called Strike 0-1: Swinging Strike 0-2: Ball 1-2: Ball 2-2: Strikes out swinging
|
Batting: RHB Ben Taylor
|
0-0: Swinging Strike 0-1: Ball 1-1: Ball 2-1: Foul Ball, location: 2F 2-2: Foul Ball, location: 2F 2-2: Strikes out swinging, 2-3 out at first.
|
Batting: SHB Robert Sayer
|
0-0: Ball 1-0: Ground out 5-3 (Groundball, 5L, EV 87.5 MPH)
|
Top of the 7th over - 0 runs, 0 hits, 0 errors, 0 left on base; Biloxi 0 - Tennessee 7 |
BOTTOM OF THE 7TH |
Tennessee Smokies batting - Pitching for Biloxi Shuckers : RHP Chris Ishii
|
Pinch Hitting: RHB Andy Huntley
|
0-0: Ball 1-0: Ground out 6-3 (Groundball, 6, EV 88.8 MPH)
|
Batting: RHB Denis Rachin
|
0-0: Called Strike 0-1: Ball 1-1: Foul Ball, location: 2F 1-2: Ground out 5-3 (Groundball, 56, EV 86.9 MPH)
|
Batting: LHB Adam Conover
|
0-0: Swinging Strike 0-1: Ball 1-1: SINGLE (Line Drive, 7LS, EV 111.2 MPH)
|
Batting: RHB Eric Wiss
|
0-0: Ball 1-0: Called Strike 1-1: Ball 2-1: Ball 3-1: Called Strike 3-2: Foul Ball, location: 2F 3-2: Foul Ball, location: 2F 3-2: Foul Ball, location: 2F 3-2: Foul Ball, location: 2F 3-2: Base on Balls Adam Conover to second
|
Pitching: LHP Benito Vargas
|
|
Batting: LHB Kwang-chih Men
|
0-0: SINGLE (Groundball, 4, EV 97.5 MPH) Adam Conover to third Eric Wiss to second Runner from 3rd tries for Home, SAFE, throw by CF to home
|
Pinch Hitting: RHB Han-seung Hah
|
0-0: Ball 1-0: Fielders Choice at 2nd, U6 (Groundball, 6M, EV 86.2 MPH)
|
Bottom of the 7th over - 1 run, 2 hits, 0 errors, 2 left on base; Biloxi 0 - Tennessee 8 |
TOP OF THE 8TH |
Biloxi Shuckers batting - Pitching for Tennessee Smokies : RHP Chris Perretta
|
Now in LF: Jonathan Sotelo
|
|
Now in CF: Andy Huntley
|
|
Batting: LHB Paul Collins
|
0-0: Ball 1-0: Foul Ball, location: 2F 1-1: SINGLE (Line Drive, 8LS, EV 108.1 MPH)
|
Batting: RHB Juan Villanueva
|
0-0: Called Strike 0-1: Called Strike 0-2: Ball 1-2: Strikes out swinging
|
Pitching: RHP Adrian Dorsi
|
|
Batting: RHB Hector Silva
|
0-0: Ball 1-0: Called Strike 1-1: Foul Ball, location: 2F 1-2: Ball 2-2: Foul Ball, location: 2F 2-2: Fly out, F7 (Line Drive, 7LM, EV 97.5 MPH)
|
Batting: RHB Herb McIntyre
|
0-0: Foul Ball, location: 2F 0-1: Foul Ball, location: 2F 0-2: Fielders Choice at 2nd, 6-4 (Groundball, 6, EV 91.2 MPH)
|
Top of the 8th over - 0 runs, 1 hit, 0 errors, 1 left on base; Biloxi 0 - Tennessee 8 |
BOTTOM OF THE 8TH |
Tennessee Smokies batting - Pitching for Biloxi Shuckers : LHP Benito Vargas
|
Pinch Hitting: SHB Nick Chandler
|
0-0: Called Strike 0-1: SOLO HOME RUN (Flyball, 9LD, EV 90.0 MPH), Distance : 334 ft
|
Batting: RHB Brad Santanello
|
0-0: Called Strike 0-1: Foul Ball, location: 2F 0-2: Foul Ball, location: 2F 0-2: Foul Ball, location: 2F 0-2: Foul Ball, location: 2F 0-2: Strikes out swinging
|
Batting: LHB Emir Jalil
|
0-0: Called Strike 0-1: Ball 1-1: Swinging Strike 1-2: Strikes out swinging
|
Batting: RHB Andy Huntley
|
0-0: Ball 1-0: Called Strike 1-1: Swinging Strike 1-2: Ball 2-2: Fly out, F8 (Flyball, 8RD, EV 83.1 MPH)
|
Bottom of the 8th over - 1 run, 1 hit, 0 errors, 0 left on base; Biloxi 0 - Tennessee 9 |
TOP OF THE 9TH |
Biloxi Shuckers batting - Pitching for Tennessee Smokies : RHP Adrian Dorsi
|
Now at 3B: Nick Chandler
|
|
Batting: LHB Chad Persaud
|
0-0: Called Strike 0-1: Ball 1-1: Swinging Strike 1-2: Strikes out looking
|
Batting: SHB Sam Bingham
|
0-0: Ball 1-0: Ball 2-0: Ball 3-0: Called Strike 3-1: Foul Ball, location: 2F 3-2: Foul Ball, location: 2F 3-2: SINGLE (Groundball, 56D, EV 98.1 MPH)
|
Batting: RHB Josh Nelson
|
0-0: Called Strike 0-1: SINGLE (Line Drive, 6D, EV 102.5 MPH) Sam Bingham to second
|
Batting: RHB Ben Taylor
|
0-0: Ball 1-0: Fly out, F3 (Line Drive, 3, EV 68.8 MPH) Lined into DP, U3 (Line Drive, 3, EV 70.0 MPH)
|
Top of the 9th over - 0 runs, 2 hits, 0 errors, 1 left on base; Biloxi 0 - Tennessee 9 |
|